 Dungeon Crawl Stone Soup version 0.28-a0-1524-ge72afd5fc6 (webtiles) character file.

Game seed: 14049102519989068909

48 HallandMoats the Skirmisher (level 3, -3/33 HPs)
             Began as a Ghoul Fighter on Jan 17, 2022.
             Was a Follower of Dithmenos.
             Slain by a gnoll (6 damage)
             ... on level 1 of the Dungeon.
             The game lasted 00:01:23 (1383 turns).

HallandMoats the Skirmisher (Ghoul Fighter)         Turns: 1383, Time: 00:01:23

Health: -3/33      AC:  6    Str: 16 (19) XL:     3   Next: 72%
Magic:  2/2        EV:  9    Int:  2 (5)  God:    Dithmenos [*.....]
Gold:   171        SH:  3    Dex:  5 (8)  Spells: 2/2 levels left

rFire   . . .      SeeInvis .   f - +1 dagger (venom)
rCold   + . .      Faith    .   c - +0 buckler
rNeg    + + +      Spirit   .   b - +0 scale mail
rPois   ∞          Reflect  .   (no helmet)
rElec   .          Harm     .   (no cloak)
rCorr   .          Rampage  .   (no gloves)
Will    .....                   (no boots)
Stlth   ..........              (no amulet)
HPRegen 0.00/turn               (no ring)
MPRegen 0.08/turn               (no ring)

@: inhibited regen, wreathed by umbra
A: claws 1, cold resistance 1, negative energy resistance 3, inhibited
regeneration, torment resistance 2
a: Renounce Religion


You were on level 1 of the Dungeon.
You worshipped Dithmenos.
Dithmenos was aware of your devotion.
You visited 1 branch of the dungeon, and saw 2 of its levels.

You collected 171 gold pieces.

Inventory:

Hand Weapons
 a - a +0 war axe
 f - a +1 dagger of venom (weapon)
Armour
 b - a +0 scale mail (worn)
 c - a +0 buckler (worn)
Scrolls
 e - a scroll of enchant armour {unknown}
 i - a scroll of teleportation {unknown}
 j - a scroll of identify {unknown}
Potions
 d - a potion of might
 k - a potion of brilliance {unknown}


   Skills:
 * Level 3.9 Fighting
 * Level 2.4 Axes
 + Level 2.9 Armour
 + Level 0.7 Dodging
 + Level 2.9 Shields


You had 2 spell levels left.
You didn't know any spells.
Your spell library was empty.

Dungeon Overview and Level Annotations

Branches:
Dungeon (2/15)

Altars:
Dithmenos


Innate Abilities, Weirdness & Mutations

You thrive by killing the living.
You are immune to poison.
You have sharp fingernails.
Your flesh is cold resistant. (rC+)
You are immune to negative energy. (rN+++)
You do not regenerate when monsters are visible.
You are immune to unholy pain and torment.


Message History

No target in view!
No target in view!
No target in view!
No target in view!
No target in view!
No target in view!
No target in view!
No target in view!
No target in view!
No target in view!
No target in view!
No target in view!
No target in view!
No target in view!
No target in view!
No target in view!
No target in view!
HP restored.
Done exploring.
You climb downwards.
The gnoll hits you with a +0 whip.
The gnoll barely misses you. x2; The gnoll hits you with a +0 whip.
The gnoll hits you with a +0 flail.
There is a stone staircase leading up here.
The gnoll hits you with a +0 flail. x2; The gnoll closely misses you.
The gnoll hits you with a +0 flail.
You climb upwards.
There is a stone staircase leading down here.
The gnoll hits you with a +0 whip.
There are monsters nearby!
The gnoll hits you with a +0 flail! The gnoll barely misses you.
You see here a +0 dagger.
The gnoll hits you with a +0 flail!
* * * LOW HITPOINT WARNING * * *
It was a potion of degeneration.
There was something very wrong with that liquid.
You feel weakened.
You feel dopey.
You feel clumsy. The gnoll hits you but does no damage.
It was a potion of lignification.
You feel woody for a moment. The gnoll hits you with a +0 whip.
You die...

#.#..................
#.#.####.###.##....#.
#.#.#....# #.##....##
#.#.#.#..# #.##....##
#.#......###.#######.
#........#......# #.
######.#.#).....####.
####.#.#.>†......'.
#.@gggg.)........#.
#######..........#.
##### #..........#.
#...# #..........##
#...# #............
#...#####..........##
#....)......##.......
#...........##.....#.
#...........##.....#.


You could see 4 gnolls.

Vanquished Creatures
  A gnoll (D:1)
  An adder (D:2)
  A worm (D:2)
  A dart slug (D:1)
  3 endoplasms (D:1)
  A giant cockroach (D:1)
  3 hobgoblins
  2 jackals (D:1)
  A quokka (D:1)
  3 ball pythons
  A bat (D:1)
  2 frilled lizards (D:1)
  3 goblins (D:1)
  2 kobolds (D:1)
25 creatures vanquished.

Notes
Turn   | Place    | Note
-------+----------+-------------------------------------------
     0 | D:1      | HallandMoats the Ghoul Fighter began the quest for the Orb.
     0 | D:1      | Reached XP level 1. HP: 19/19 MP: 0/0
    39 | D:1      | You fall into a shaft and drop 1 floor!
    55 | D:2      | Reached XP level 2. HP: 18/26 MP: 1/1
   587 | D:1      | Reached XP level 3. HP: 33/33 MP: 2/2
  1110 | D:1      | Found a faded altar of an unknown god.
  1226 | D:1      | Prayed at the altar of an unknown god.
  1226 | D:1      | Became a worshipper of Dithmenos the Shadowed
  1226 | D:1      | Reached * piety under Dithmenos
  1383 | D:1      | Slain by a gnoll

Illustrated notes

Levels and vault maps discovered:
D:1:      minmay_arrival_glassed_features, layout_basic,
          shapermc_ecumenical_altar_mp_urbaneastern
D:2:      layout_loops_ring, basic_altar

Skill      XL: |  1 |
---------------+----+-----
Axes           | 2 |  2.4
Fighting       | |  3.9
Armour         | |  2.9
Dodging        | |  0.7
Shields        | |  2.9

Action                   || total
-------------------------++-------
Melee: War axe           ||    35
       Dagger            ||    61
  Use: Potion            ||     2
Armor: Scale mail        ||    42
Dodge: Dodged            ||    57
Block: Buckler           ||    20

Table legend: (Time is in decaauts)
 A = Elapsed time spent in this place.
 B = Non-inter-level travel time spent in this place.
 C = Inter-level travel time spent in this place.
 D = Time resting spent in this place.
 E = Time spent auto-exploring this place.
 F = Levels seen in this place.
 G = Mean time per level.
                   A        B        C        D        E       F      G
               +--------+--------+--------+--------+--------+-----+--------+
         Total |   1403 |   1336 |     67 |      0 |   1117 |   2 |  701.5 |
       Dungeon |   1403 |   1336 |     67 |      0 |   1117 |   2 |  701.5 |
               +--------+--------+--------+--------+--------+-----+--------+

Top non-repeatable levels by time:
     D:1: 1026 daAuts
     D:2: 376 daAuts
